 Dungeon Crawl Stone Soup version 0.26.1-11-gd32895ea62 (webtiles) character file.

Game seed: 13514532259680455329

1104 Almogavar the Carver (level 8, -6/71 HPs)
             Began as a Minotaur Berserker on July 9, 2021.
             Was an Elder of Trog.
             Killed from afar by Blork the orc (10 damage)
             ... with a puff of frost
             ... on level 4 of the Dungeon.
             The game lasted 00:09:33 (4746 turns).

Almogavar the Carver (Minotaur Berserker)           Turns: 4746, Time: 00:09:34

Health: -6/71      AC:  3    Str: 22 (23) XL:     8   Next: 11%
Magic:  7/7        EV: 17    Int:  3 (4)  God:    Trog [****..]
Gold:   147        SH:  0    Dex:  8 (11) Spells: 7/7 levels left

rFire    . . .     SeeInvis .   a - +1 falchion
rCold    . . .     Faith    +   (no shield)
rNeg     . . .     Spirit   .   f - +0 leather armour
rPois    .         Reflect  .   (helmet restricted)
rElec    .         Harm     .   (no cloak)
rCorr    .         Rampage  .   (no gloves)
Will     ++...                  (no boots)
Stlth    +.........             n - amulet of faith
HPRegen  1.21/turn              t - +4 ring of evasion
MPRegen  0.10/turn              v - ring of flight

@: regenerating, hasted, very quick
A: retaliatory headbutt, horns 2
a: Renounce Religion, Evoke Flight, Berserk, Trog's Hand, Brothers in Arms


You were on level 4 of the Dungeon.
You worshipped Trog.
Trog was greatly pleased with you.
You visited 1 branch of the dungeon, and saw 4 of its levels.
You also visited: Ossuary.

You collected 147 gold pieces.

Inventory:

Hand Weapons
 a - a +1 falchion (weapon)
Missiles
 c - 63 stones
 g - 29 bolts
 w - 38 sling bullets
Armour
 b - a +0 ring mail
 f - a +0 leather armour (worn)
Jewellery
 n - an amulet of faith (around neck)
 t - a +4 ring of evasion (left hand)
 v - a ring of flight (right hand)
Scrolls
 d - a scroll of magic mapping
 e - 2 scrolls of teleportation
 h - a scroll of enchant weapon
 i - 2 scrolls of remove curse
 k - 2 scrolls of blinking
 l - 2 scrolls of holy word
 p - a scroll of fog
Potions
 m - 2 potions of resistance
 o - a potion of flight {unknown}
 q - a potion of magic {unknown}
 r - 2 potions of heal wounds {unknown}
 s - 2 potions of degeneration
 u - 2 potions of haste


   Skills:
 + Level 6.6 Fighting
 + Level 8.4 Long Blades
 + Level 4.4 Armour
 + Level 4.7 Dodging
 + Level 1.4 Stealth


You had 7 spell levels left.
You didn't know any spells.
Your spell library was empty.

Dungeon Overview and Level Annotations

Branches:
Dungeon (4/15)            Ossuary (visited)
 Temple: D:4-7

Altars:
Nemelex Xobeh
Vehumet
Xom

Annotations:
D:4 Blork the orc


Innate Abilities, Weirdness & Mutations

You reflexively headbutt those who attack you in melee.
You have a pair of horns on your head.


Message History

* * * LOW HITPOINT WARNING * * *
You are electrocuted!
* * * LOW HITPOINT WARNING * * *
You closely miss something. You headbutt something! The gnoll misses you.
You riposte.
You barely miss the gnoll. Your headbutt misses the gnoll.
The gnoll is moderately wounded.
Something closely misses you.
It was a potion of degeneration.
There was something very wrong with that liquid.
You feel weakened.
You feel dopey.
You feel clumsy. The gnoll barely misses you. You furiously retaliate!
You headbutt the gnoll!
You kill the gnoll!
Trog accepts your kill.
You barely miss something. You headbutt something. Something hits you!
* * * LOW HITPOINT WARNING * * *
It was a potion of haste.
You feel yourself speed up.
You hear some strange, mumbled words.
A puff of frost appears from out of thin air!
The puff of frost hits you!
You die...

###### ...!.#
......### ...#.....#
#..###..#.##
#..##.##){..#
##..##[..##@).#
#..##.....##..#
######.#####'#####.#
...................#
.##.†........#######
.##.##.#...#.#
.##.##.##.##.#
.##.##.##.##.#
.##.##.##.##.#


There were no monsters in sight!

Vanquished Creatures
  Eustachio (D:4)
  An ogre (D:4)
  9 scorpions
  A centaur zombie (Ossuary)
  A human zombie (Ossuary)
  2 orc wizards (D:2)
  A bullfrog skeleton (D:3)
  A worker ant (D:4)
  A big kobold zombie (Ossuary)
  4 mummies
  3 gnolls (D:4)
  7 adders
  5 scorpion zombies (Ossuary)
  3 worms
  4 dart slugs
  A leopard gecko (D:4)
  10 orcs
  4 bats (D:1)
  3 giant cockroaches
  2 gnoll zombies (Ossuary)
  7 goblins
  9 hobgoblins
  6 kobolds
  2 ball pythons
  4 frilled lizards
  2 goblin zombies (Ossuary)
  4 hobgoblin zombies (Ossuary)
  A kobold zombie (Ossuary)
  A leopard gecko skeleton (D:4)
  3 orc zombies (Ossuary)
  7 rats
110 creatures vanquished.

Notes
Turn   | Place    | Note
-------+----------+-------------------------------------------
     0 | D:1      | Almogavar the Minotaur Berserker began the quest for the
                  | Orb.
     0 | D:1      | Reached XP level 1. HP: 19/19 MP: 0/0
   102 | D:1      | Reached skill level 4 in Long Blades
   102 | D:1      | Reached XP level 2. HP: 25/27 MP: 1/1
   210 | D:1      | Reached ** piety under Trog
   238 | D:1      | Reached XP level 3. HP: 29/33 MP: 2/2
   731 | D:2      | Found a sparkling altar of Nemelex Xobeh.
   880 | D:2      | Reached XP level 4. HP: 21/41 MP: 3/3
   884 | D:2      | Reached skill level 5 in Long Blades
  2023 | D:3      | Reached XP level 5. HP: 47/47 MP: 4/4
  2232 | D:3      | Reached *** piety under Trog
  2588 | D:3      | Reached skill level 5 in Fighting
  2666 | D:3      | Found a shimmering altar of Xom.
  2667 | D:3      | Found a shimmering altar of Xom.
  2669 | D:3      | Found a shimmering altar of Xom.
  2946 | D:3      | Found a radiant altar of Vehumet.
  3475 | D:4      | Noticed an ogre
  3478 | D:4      | Killed an ogre
  3479 | D:4      | Reached skill level 6 in Long Blades
  3479 | D:4      | Reached XP level 6. HP: 56/56 MP: 5/5
  3648 | D:4      | Noticed Eustachio
  3659 | D:4      | Found a sand-covered staircase.
  3681 | D:4      | Killed Eustachio
  3682 | D:4      | Reached XP level 7. HP: 25/61 MP: 6/6
  3685 | Ossuary  | Entered an ossuary
  3878 | Ossuary  | Reached skill level 1 in Stealth
  3954 | Ossuary  | Reached skill level 7 in Long Blades
  4136 | Ossuary  | Reached **** piety under Trog
  4264 | Ossuary  | Reached skill level 8 in Long Blades
  4423 | Ossuary  | Reached XP level 8. HP: 44/71 MP: 7/7
  4728 | D:4      | Noticed Blork the orc
  4745 | D:4      | HP: 3/71 [something (9)]
  4746 | D:4      | Killed from afar by Blork the orc

Illustrated notes

Levels and vault maps discovered:
D:1:      kennysheep_arrival_forest, layout_rooms, chequers_jeans,
          minmay_crystal_water, hangedman_feature_mirror, solitary_fountain
D:2:      layout_loops_corners, nicolae_overflow_crystal_walls
D:3:      layout_loops_corners, fiery_altar_vehumet, xom_redecorated
D:4:      layout_loops_ring, kennysheep_little_box, gup_ossuary_entry_pyramid,
          uniq_eustachio, uniq_blork_the_orc, uniq_pikel

Skill      XL: |  1  2  3  4  5  6  7 |
---------------+----------------------+-----
Fighting       | 4 5 6 |  6.6
Long Blades    | 4 5 6 8 |  8.4
Armour         | 3 4 |  4.4
Dodging        | 3 4 |  4.7
Stealth        | 1 |  1.4

Action                   |  1- 3 |  4- 6 |  7- 9 || total
-------------------------+-------+-------+-------++-------
Melee: Falchion          |    67 |   108 |    96 ||   271
       Headbutt          |    12 |    28 |    35 ||    75
Invok: Berserk           |       |     1 |     1 ||     2
       Trog's Hand       |       |       |     1 ||     1
  Use: Scroll            |       |    10 |     5 ||    15
       Potion            |       |       |     2 ||     2
Armor: Leather armour    |     7 |    15 |     4 ||    26
Dodge: Dodged            |    59 |    81 |    70 ||   210
       Rpst.: Falchion   |    13 |    26 |    22 ||    61
